 Dungeon Crawl Stone Soup version 0.24-a0-108-g011bc4b (webtiles) character file.

44 Trogdor666 the Skirmisher (level 3, 0/37 HPs)
             Began as a Gnoll Wanderer on Aug 14, 2017.
             Slain by a jackal (2 damage)
             ... on level 2 of the Dungeon on Feb 14, 2019.
             The game lasted 00:26:27 (2797 turns).

Trogdor666 the Skirmisher (Gnoll Wanderer)          Turns: 2797, Time: 00:26:27

Health: 0/37       AC:  3    Str: 11    XL:     3   Next: 60%
Magic:  3/3        EV: 10    Int: 10    God:
Gold:   30         SH: 10    Dex: 10    Spells: 2/2 levels left

rFire    x . .     SeeInvis .   e - +0 club
rCold    + . .     Gourm    .   a - +1 shield
rNeg     . . .     Faith    .   d - +0 robe
rPois    .         Spirit   .   (no helmet)
rElec    .         Reflect  .   (no cloak)
rCorr    .         Harm     .   g - +0 pair of gloves
MR       .....                  (no boots)
Stlth    +.........             (no amulet)
HPRegen  0.12/turn              j - ring of ice
MPRegen  0.08/turn              (no ring)

@: no status effects
A: distributed training, fangs 1, strong nose
a: no special abilities


You were on level 2 of the Dungeon.
You were not hungry.

You visited 1 branch of the dungeon, and saw 2 of its levels.

You collected 30 gold pieces.

Inventory:

Hand Weapons
 c - a +0 quarterstaff
 e - a +0 club (weapon)
Missiles
 h - a throwing net
 i - 6 needles of confusion (quivered)
 k - 4 javelins
Armour
 a - a +1 shield (worn)
 d - a +0 robe (worn)
 g - a +0 pair of gloves (worn)
Jewellery
 j - a ring of ice (left hand)
Scrolls
 l - a scroll of identify
 m - a scroll of enchant armour
Potions
 b - a potion of curing
Comestibles
 f - 3 rations


   Skills:
 + Level 7.9 Fighting
 + Level 0.0 Short Blades
 + Level 0.0 Long Blades
 + Level 2.3 Axes
 + Level 2.8 Maces & Flails
 + Level 0.0 Polearms
 + Level 4.4 Staves
 + Level 0.0 Slings
 + Level 0.0 Bows
 + Level 0.0 Crossbows
 + Level 0.0 Throwing
 + Level 2.3 Armour
 + Level 2.3 Dodging
 + Level 0.0 Stealth
 + Level 5.9 Shields
 + Level 0.0 Unarmed Combat
 + Level 0.0 Spellcasting
 + Level 0.0 Conjurations
 + Level 0.0 Hexes
 + Level 0.0 Charms
 + Level 0.0 Summonings
 + Level 0.0 Necromancy
 + Level 0.0 Translocations
 + Level 0.0 Transmutations
 + Level 0.0 Fire Magic
 + Level 0.0 Ice Magic
 + Level 0.0 Air Magic
 + Level 0.0 Earth Magic
 + Level 0.0 Poison Magic
 + Level 0.0 Invocations
 + Level 0.0 Evocations


You had 2 spell levels left.
You didn't know any spells.
Your spell library was empty.

Dungeon Overview and Level Annotations

Branches:
Dungeon (2/15)

Altars:


Innate Abilities, Weirdness & Mutations

Your experience applies equally to all skills.
You have very sharp teeth.
Your uncanny sense of smell can sniff out nearby items.


Message History

The jackal bites you.
* * * LOW HITPOINT WARNING * * *
The jackal bites you.
* * * LOW HITPOINT WARNING * * *
You block the jackal's attack. You block the jackal's attack.
The jackal completely misses you. You block the jackal's attack.
The jackal misses you. You block the jackal's attack.
You block the jackal's attack. x2
The jackal bites you but does no damage.
The jackal bites you.
* * * LOW HITPOINT WARNING * * *
The jackal bites you but does no damage.
The jackal misses you.
The jackal bites you but does no damage.
The jackal bites you.
* * * LOW HITPOINT WARNING * * *
The jackal bites you.
You die...

#############
#...........# ........#
#.# ### ........# #.#
#..
........###.#######.##
#..####..............#
#..# #.........###..###
#..####.........@hg....#
....[......<....####...#
#[#####.###.###.# ##..#
#...........# #.#
##..### #.#####.#####
#####♣)g...## #.## #.#
###...P.P...PP... .<.#
#. ∆ #..PP..h.......P.
.........#
#####'########.##
#..#####.# .P.∆ ...


You could see a jackal and a goblin.

Vanquished Creatures
  An ooze (D:1)
  A worm (D:2)
  A dart slug (D:1)
  2 leopard geckos (D:1)
  5 bats (D:1)
  2 giant cockroaches (D:1)
  2 goblins (D:1)
  2 hobgoblins (D:1)
  6 jackals
  A kobold (D:1)
  A ball python (D:1)
  2 frilled lizards (D:1)
  6 rats
32 creatures vanquished.

Notes
Turn   | Place    | Note
-------+----------+-------------------------------------------
     0 | D:1      | Trogdor666 the Gnoll Wanderer began the quest for the Orb.
     0 | D:1      | Trogdor666 set off with: a +0 shield, a potion of curing, a
                  | +0 quarterstaff, a +0 robe, a +0 club, a bread ration
     0 | D:1      | Reached XP level 1. HP: 19/19 MP: 1/1
   310 | D:1      | Reached XP level 2. HP: 24/26 MP: 2/2
   882 | D:1      | Reached skill level 1 in Maces & Flails
   882 | D:1      | Reached XP level 3. HP: 10/32 MP: 3/3
  2718 | D:2      | Found a faded altar of an unknown god.
  2759 | D:2      | Reached skill level 7 in Fighting
  2759 | D:2      | Reached skill level 5 in Shields
  2797 | D:2      | Slain by a jackal

Levels and vault maps discovered:
D:1:      dpeg_arrival_fog
D:2:      lemuel_blue_sif_altar, chequers_ecumenical_altar_lobes, first_bread,
          st_stairs_10, uniq_jessica

Skill      XL: |  1  2  3 |
---------------+----------+-----
Shields        | 3 5 |  5.9
Maces & Flails | 1 2 |  2.8
Fighting       | 7 |  7.9
Axes           | 2 |  2.3
Staves         | 4 |  4.4
Armour         | 2 |  2.3
Dodging        | 2 |  2.3

Action                   || total
-------------------------++-------
Melee: Club              ||   294
       Bite              ||    16
Throw: Javelin           ||     4
  Use: Scroll            ||     4
  Eat: Chunk             ||     2
       Buggy ration      ||     1
Armor: Robe              ||    91
Dodge: Dodged            ||   134
Block: Shield            ||   144

Table legend:
 A = Non-vault XP
 B = Vault XP
 C = Vault XP percentage of total XP
 D = Non-vault monster count
 E = Vault monster count
 F = Vault count percentage of total count
                 A         B        C        D         E       F
            +---------+---------+-------+---------+---------+-------
      Total |       0 |       0 |   N/A |       0 |       0 |  -nan
            +---------+---------+-------+---------+---------+-------
            +---------+---------+-------+---------+---------+-------
